 Dungeon Crawl Stone Soup version 0.27-a0-1188-g73eefd5def (webtiles) character file.

Game seed: 6961556943276844829

28 Sobieck the Firebug (level 3, -1/28 HPs)
             Began as a Hill Orc Fire Elementalist on May 21, 2021.
             Slain by a black bear (3 damage)
             ... on level 3 of the Dungeon.
             The game lasted 00:03:11 (1002 turns).

Sobieck the Firebug (Hill Orc Fire Elementalist)    Turns: 1002, Time: 00:03:12

Health: -1/28      AC:  2    Str: 11    XL:     3   Next: 14%
Magic:  0/6        EV: 12    Int: 15    God:
Gold:   38         SH:  0    Dex: 11    Spells: 5/6 levels left

rFire    . . .     SeeInvis .   i - +0 club {mace}
rCold    . . .     Faith    .   (no shield)
rNeg     . . .     Spirit   .   a - +0 robe
rPois    .         Reflect  .   (no helmet)
rElec    .         Harm     .   (no cloak)
rCorr    .         Rampage  .   (no gloves)
Will     .....                  (no boots)
Stlth    ++........             (no amulet)
HPRegen  0.09/turn              (no ring)
MPRegen  0.10/turn              (no ring)

@: very slightly contaminated
A: no striking features
a: no special abilities


You were on level 3 of the Dungeon.
You visited 1 branch of the dungeon, and saw 3 of its levels.

You collected 38 gold pieces.


   Skills:
 + Level 1.3 Fighting
 - Level 1.5 Dodging
 - Level 1.5 Stealth
 - Level 2.0 Spellcasting
 + Level 1.6 Conjurations
 + Level 3.6 Fire Magic


You had 5 spell levels left.
You knew the following spells:

 Your Spells              Type           Power      Damage    Failure   Level
a - Foxfire               Conj/Fire      36%        2x1d5     8%          1

Your spell library contained the following spells:

 Spells                   Type           Power      Damage    Failure   Level
 Conjure Flame            Conj/Fire      9%         6-21      22%         3
 Inner Flame              Hex/Fire       6%         N/A       32%         3
 Sticky Flame             Conj/Fire      9%         2d3       58%         4
 Fireball                 Conj/Fire      4%         3d4       91%         5

Inventory:

Hand Weapons
 c - a +0 dagger {short}
   (You took it off a goblin on level 1 of the Dungeon)
 d - a +0 dagger {short}
   (You took it off a goblin on level 1 of the Dungeon)
 i - a +0 club (weapon) {mace}
   (You took it off a kobold on level 2 of the Dungeon)
Missiles
 b - 51 stones {throwing}
Armour
 a - a +0 robe (worn)
Scrolls
 e - a scroll of acquirement {unknown}
 g - a scroll of identify {unknown}
Potions
 f - a potion of might {unknown}
 h - a potion of cancellation {unknown}

Dungeon Overview and Level Annotations

Branches:
Dungeon (3/15)

Altars:

#.##.##.#
#.##.##.#
#.##.##.#
#.##.##.#
#.......#
#..#.####
.######..#.#
.......v.#.####
....#.h@v.....#
..8...8vยง.8.#.#
....#...#...#
.#.###.###.##
... .. ..# ..
..8 8.# #.. ..
##. ##


You could see a black bear (ally target).


Message History

๐Ÿ˜• MP[-1]
You lost 1 mp, and now have 5/6 mp.
You conjure some foxfire!
The foxfire hits the kobold. x2
You kill the kobold! ๐Ÿ˜• MP[-1]
You lost 1 mp, and now have 4/6 mp.
You conjure some foxfire! ๐Ÿ˜• MP[-1]
You lost 1 mp, and now have 3/6 mp.
You conjure some foxfire!
The foxfire hits the goblin. x2 ๐Ÿ˜• MP[-1]
You lost 1 mp, and now have 2/6 mp.
You miscast Foxfire.
You are very lightly contaminated with residual magic.
Nothing appears to happen. ๐Ÿ˜• MP[-1]
You lost 1 mp, and now have 1/6 mp.
The foxfire hits the goblin. x2
You kill the goblin! ๐Ÿ˜Ž HP[+1]
Your hp is fully restored (28).
There is a stone staircase leading down here.
You now have 10 gold pieces. ๐Ÿ˜Ž MP[+1]
Your magical contamination has completely faded away.
There is a stone staircase leading down here.
b - 51 stones {throwing} (gained 3)
Things that are here:
a +0 club {mace}; a kobold corpse
i - a +0 club {mace}
i - a +0 club (weapon)
{mace}
(D) Dungeon
Where to? (Enter - D:1, ? - help)
There is a stone staircase leading down here.
You climb downwards.
You hear the sound of rushing water.
There is an entrance to a sewer on this level.
Hurry and find it before the portal rusts away!
There is a stone staircase leading up here. ๐Ÿ˜Ž MP[+1]
You climb upwards.
There is a stone staircase leading down here.
You start resting. ๐Ÿ˜Ž MP[+3]
Your mp is fully restored (6).
You climb downwards.
You hear the sound of rushing water.
There is an entrance to a sewer on this level.
Hurry and find it before the portal rusts away!
There is a stone staircase leading up here.
You now have 25 gold pieces (gained 15).
You hear the slow rusting of a very distant drain.
You now have 38 gold pieces (gained 13).
Found a stone staircase leading down.
A black bear comes into view.
The black bear growls angrily.
You miscast Foxfire.
You are very lightly contaminated with residual magic.
Nothing appears to happen. ๐Ÿ˜Ž MP[-1]
You lost 1 mp, and now have 5/6 mp.
You conjure some foxfire! ๐Ÿ˜Ž MP[-1]
You lost 1 mp, and now have 4/6 mp.
You conjure some foxfire!
The foxfire hits the black bear but does no damage.
The foxfire hits the black bear.
The black bear bites you. The black bear claws you.
The black bear closely misses you. ๐Ÿ˜• HP[-6] MP[-1]
You take 6 damage, and now have 22/28 hp.
MASSIVE DAMAGE!! (PAUSE)
You lost 1 mp, and now have 3/6 mp.
You conjure some foxfire!
The foxfire hits the black bear. x2
The black bear bites you!
* * * LOW HITPOINT WARNING * * *
The black bear claws you but does no damage.
The black bear claws you.
* * * LOW HITPOINT WARNING * * *
๐Ÿ˜จ HP[-11] MP[-1]
You take 11 damage, and now have 11/28 hp.
MASSIVE DAMAGE!! (PAUSE)
You lost 1 mp, and now have 2/6 mp.
You are too injured to fight recklessly!
Unknown command.
Casting: Foxfire (safe; 8% risk of failure)
Confirm with . or Enter, or press ? or * to list all spells.
You conjure some foxfire!
The foxfire hits the black bear. x2
The black bear bites you.
* * * LOW HITPOINT WARNING * * *
The black bear misses you. The black bear claws you.
* * * LOW HITPOINT WARNING * * *
๐Ÿ˜ฑ HP[-6] MP[-1]
You take 6 damage, and now have 5/28 hp.
MASSIVE DAMAGE!! (PAUSE)
You lost 1 mp, and now have 1/6 mp.
Casting: Foxfire (safe; 8% risk of failure)
Confirm with . or Enter, or press ? or * to list all spells.
You conjure some foxfire!
The foxfire hits the black bear.
The black bear bites you.
* * * LOW HITPOINT WARNING * * *
The black bear claws you.
You die...

Skill      XL: |  1  2 |
---------------+-------+-----
Fighting       | 1 |  1.3
Spellcasting   | 2 |  2.0
Dodging        | |  1.5
Stealth        | |  1.5
Conjurations   | |  1.6
Fire Magic     | |  3.6

Action                   || total
-------------------------++-------
Melee: Dagger            ||     6
 Cast: Foxfire           ||    54
Armor: Robe              ||    12
Dodge: Dodged            ||     8

Levels and vault maps discovered:
D:1:      dpeg_arrival_simpleton_a, layout_rooms, minmay_crystal_room
D:2:      wad_pebble_path, layout_rooms, serial_glass, glass_columns_b,
          glass_columns_a, basic_ecumenical_altar, basic_altar, st_stairs_1
D:3:      layout_basic, gup_sewer_entry_bowl, minmay_misc_feat_four_crosses

Notes
Turn   | Place    | Note
-------+----------+-------------------------------------------
     0 | D:1      | Sobieck the Hill Orc Fire Elementalist began the quest for
                  | the Orb.
     0 | D:1      | Reached XP level 1. HP: 14/14 MP: 3/3
     0 | D:1      | magus.rc [v1.9.6]
   125 | D:1      | Reached XP level 2. HP: 22/22 MP: 0/4
   399 | D:1      | Reached skill level 1 in Fighting
   468 | D:1      | Reached skill level 2 in Spellcasting
   796 | D:2      | Reached XP level 3. HP: 28/28 MP: 1/6
   994 | D:3      | Noticed a black bear
  1001 | D:3      | HP: 6/28 [black bear (6)]
  1002 | D:3      | HP: 2/28 [black bear (3)]
  1002 | D:3      | Slain by a black bear

Vanquished Creatures
  A worm (D:1)
  A dart slug (D:1)
  2 ball pythons (D:1)
  4 bats
  An endoplasm (D:2)
  A hobgoblin (D:1)
  3 jackals (D:1)
  2 quokkas
  A frilled lizard (D:1)
  3 goblins
  A kobold (D:2)
  A rat (D:2)
21 creatures vanquished.

Vanquished Creatures (others)
  88 foxfires
88 creatures vanquished.

Grand Total: 109 creatures vanquished

Table legend:
 A = Non-vault XP
 B = Vault XP
 C = Vault XP percentage of total XP
 D = Non-vault monster count
 E = Vault monster count
 F = Vault count percentage of total count
                 A         B        C        D         E       F
            +---------+---------+-------+---------+---------+-------
      Total |      39 |       2 |   4.9 |      20 |       1 |   4.8
            +---------+---------+-------+---------+---------+-------
        D:1 |      32 |       0 |   0.0 |      15 |       0 |   0.0
        D:2 |       7 |       2 |  22.2 |       5 |       1 |  16.7
            +---------+---------+-------+---------+---------+-------

Illustrated notes

Table legend:
 A = Kills in this place as a percentage of kills in entire the game.
 B = Kills by you in this place as a percentage of kills by you in the entire game.
 C = Kills by friends in this place as a percentage of kills by friends in the entire game.
 D = Other kills in this place as a percentage of other kills in the entire game.
 E = Experience gained in this place as a percentage of experience gained in the entire game.
 F = Experience gained in this place divided by the number of levels of this place that you have seen.
                   A       B       C       D       E      F
               +-------+-------+-------+-------+-------+----------------------
         Total | 100.0 | 100.0 |   N/A |   N/A | 100.0 |  13.7
       Dungeon | 100.0 | 100.0 |   N/A |   N/A | 100.0 |  13.7
               +-------+-------+-------+-------+-------+----------------------

Table legend: (Time is in decaauts)
 A = Elapsed time spent in this place.
 B = Non-inter-level travel time spent in this place.
 C = Inter-level travel time spent in this place.
 D = Time resting spent in this place.
 E = Time spent auto-exploring this place.
 F = Levels seen in this place.
 G = Mean time per level.
                   A        B        C        D        E       F      G
               +--------+--------+--------+--------+--------+-----+--------+
         Total |   1004 |    978 |     26 |    396 |    391 |   3 |  334.7 |
       Dungeon |   1004 |    978 |     26 |    396 |    391 |   3 |  334.7 |
               +--------+--------+--------+--------+--------+-----+--------+

Top non-repeatable levels by time:
     D:1: 798 daAuts
     D:2: 160 daAuts
     D:3: 46 daAuts
